 Dungeon Crawl Stone Soup version 0.20.1-1-g8b1a95d (webtiles) character file.

884 dohliylev the Covert (level 7, 0/46 HPs)
             Began as a Vampire Enchanter on Dec 24, 2017.
             Killed by divine providence
             ... invoked by an orc priest
              (14 damage)
             ... on level 6 of the Dungeon.
             The game lasted 00:18:50 (4895 turns).

dohliylev the Covert (Vampire Enchanter)            Turns: 4895, Time: 00:18:51

Health: 0/46       AC:  5    Str:  9    XL:     7   Next: 76%
Magic:  3/10       EV: 12    Int: 20    God:
Gold:   129        SH:  5    Dex: 14    Spells: 1/10 levels left

rFire    + . .     SeeInvis +   a - +1 dagger (drain)
rCold    x . .     Gourm    .   w - +0 buckler
rNeg     + . .     Faith    .   b - +0 robe
rPois    .         Spirit   .   (no helmet)
rElec    .         Reflect  .   n - +0 cloak
rCorr    .         Harm     .   x - +1 pair of gloves
MR       .....                  (no boots)
Stlth    +++++.....             u - amulet of regeneration
Regen    0.6/turn               e - ring of fire
MPRegen  0.2/turn               q - ring of Digyhel {Str+2 Stlth+}

@: no status effects
A: fangs 3, see invisible, unbreathing
a: Bat Form


You were on level 6 of the Dungeon.
You were not thirsty.

You visited 1 branch of the dungeon, and saw 6 of its levels.

You collected 252 gold pieces.
You spent 123 gold pieces at shops.

Inventory:

Hand Weapons
 a - a +1 dagger of draining (weapon)
Armour
 b - a +0 robe (worn)
 n - a +0 cloak (worn)
 w - a +0 buckler (worn)
 x - a +1 pair of gloves (worn)
Jewellery
 e - a ring of fire (left hand)
 q - the ring of Digyhel (right hand) {Str+2 Stlth+}
   (You found it on level 4 of the Dungeon)

   [ring of stealth]

   It affects your strength (+2).
   It makes you more stealthy.
 u - an amulet of regeneration (around neck)
Wands
 m - a wand of acid (10/15)
 o - a wand of acid (11/15)
Scrolls
 g - a scroll of amnesia
 i - 3 scrolls of teleportation
 r - a scroll of fog
 s - a scroll of identify
 t - a scroll of silence
 v - 3 scrolls of remove curse
Potions
 d - 11 potions of blood
 f - a potion of might
 h - a potion of magic {unknown}
 j - a potion of invisibility {unknown}
 k - a potion of haste {unknown}
 l - a potion of heal wounds {unknown}
 p - 4 potions of curing {unknown}
Books
 c - a book of Maledictions

   Spells                             Type                      Level
   a - Corona                         Hexes                        1
   b - Ensorcelled Hibernation        Hexes/Ice                    2
   c - Confuse                        Hexes                        3
   d - Tukima's Dance                 Hexes                        3
   e - Dazzling Spray                 Conjuration/Hexes            3


   Skills:
 + Level 3.1 Short Blades
 - Level 2.1 Dodging
 - Level 9.2 Stealth
 - Level 4.0 Shields
 - Level 2.0 Spellcasting
 - Level 8.0 Hexes


You had one spell level left.
You knew the following spells:

 Your Spells              Type           Power        Failure   Level  Hunger
a - Corona                Hex            ####...      1%          1    #......
b - Ensorcelled Hibernat  Hex/Ice        ###...       4%          2    ##.....
c - Confuse               Hex            ####....     1%          3    ###....
d - Tukima's Dance        Hex            ####....     1%          3    ###....


Dungeon Overview and Level Annotations

Branches:
Dungeon (6/15)
 Temple: D:4-7

Altars:
Cheibriados
Dithmenos
Elyvilon
Kikubaaqudgha
Okawaru
Qazlal
Ru

Shops:
D:4 (*

Annotations:
D:4 2 transporters


Innate Abilities, Weirdness & Mutations

You have razor-sharp teeth.
You have supernaturally acute eyesight. (SInv)
You can survive without breathing.


Message History

Casting: Ensorcelled Hibernation
Confirm with . or Enter, or press ? or * to list all spells.
Aiming: Ensorcelled Hibernation
Press: ? - help, Shift-Dir - straight line, f/p - orc
Aim: an orc, wielding a club (chance to defeat MR: 66%)
The orc looks drowsy...
The jackal barks!
The worker ant twitches its antennae in your direction.
You hear a bark!
The worker ant moves out of view.
A jackal comes into view.
The helpless orc fails to defend itself.
You spit the orc like a pig!!!
You kill the orc!
The orc priest invokes the aid of Beogh against you.
Beogh smites you!
The jackal moves out of view.
You barely miss the jackal. The jackal misses you.
The orc priest invokes the aid of Beogh against you.
Beogh smites you!
You die... #..# #..############ # #..#............. ##..#...#..#..#..# aho..............

.h#.............
#h##...)........
#@##..#..#..#..
#.)(...$..=.....
################


You could see a worker ant, an orc priest and 3 jackals.

Vanquished Creatures
  An orc warrior (D:6)
  A sky beast (D:5)
  2 scorpions
  A crimson imp (D:5)
  A centaur zombie (D:5)
  2 orc priests (D:5)
  A centaur skeleton (D:5)
  2 orc wizards
  2 iguanas (D:4)
  2 worker ants
  2 gnolls (D:2)
  9 adders
  2 river rats (D:3)
  2 oozes
  5 worms
  4 dart slugs
  5 leopard geckos
  11 orcs
  4 ball pythons
  8 bats
  9 giant cockroaches
  14 hobgoblins
  16 jackals
  5 quokkas
  7 frilled lizards
  4 goblins
  A jackal skeleton (D:5)
  9 kobolds
  8 rats
140 creatures vanquished.

Notes
Turn   | Place    | Note
-------+----------+-------------------------------------------
     0 | D:1      | dohliylev the Vampire Enchanter began the quest for the Orb.
     0 | D:1      | Reached XP level 1. HP: 13/13 MP: 3/3
    66 | D:1      | Reached skill level 5 in Stealth
   136 | D:1      | Reached XP level 2. HP: 18/19 MP: 3/5
   157 | D:2      | Learned a level 2 spell: Ensorcelled Hibernation
   625 | D:1      | Reached skill level 6 in Stealth
   769 | D:1      | Reached XP level 3. HP: 17/24 MP: 1/6
   878 | D:1      | Learned a level 3 spell: Confuse
   919 | D:1      | Reached skill level 5 in Hexes
  1469 | D:2      | Reached XP level 4. HP: 28/30 MP: 0/7
  1815 | D:2      | Reached skill level 7 in Stealth
  2171 | D:3      | Found a snail-covered altar of Cheibriados.
  2172 | D:3      | Found an ancient bone altar of Kikubaaqudgha.
  2174 | D:3      | Found an iron altar of Okawaru.
  2185 | D:3      | Reached XP level 5. HP: 25/35 MP: 4/8
  2344 | D:3      | Reached skill level 8 in Stealth
  2857 | D:3      | Found a white marble altar of Elyvilon.
  3263 | D:4      | Reached skill level 9 in Stealth
  3309 | D:4      | Found Udghyitt's Weapon Emporium.
  3341 | D:4      | Reached XP level 6. HP: 33/41 MP: 4/9
  3381 | D:4      | Noticed a wraith
  3382 | D:4      | Found a transporter.
  3386 | D:4      | Found a transporter.
  3396 | D:4      | Found a stormy altar of Qazlal.
  3461 | D:4      | Found a sacrificial altar of Ru.
  3559 | D:4      | Found Goowkag's General Store.
  3697 | D:4      | Got a shimmering wooden ring
  3702 | D:4      | Identified the ring of Digyhel {Str+2 Stlth+} (You found it on level 4 of the Dungeon)
  3984 | D:4      | Bought a scroll of silence for 97 gold pieces
  3984 | D:4      | Bought a scroll of identify for 26 gold pieces
  4033 | D:5      | Entered Level 5 of the Dungeon
  4215 | D:5      | Learned a level 3 spell: Tukima's Dance
  4402 | D:5      | Noticed a sky beast
  4408 | D:5      | Found a shadowy altar of Dithmenos.
  4413 | D:5      | Reached skill level 1 in Shields
  4443 | D:5      | Killed a sky beast
  4443 | D:5      | Reached XP level 7. HP: 46/46 MP: 4/10
  4895 | D:6      | Killed from afar by an orc priest

Skill      XL: |  1  2  3  4  5  6  7 |
---------------+----------------------+-----
Stealth        | 5 6 7 9 |  9.2
Hexes          | 6 8 |  8.0
Shields        | 2 4 |  4.0
Short Blades   | 3 |  3.1
Dodging        | |  2.1
Spellcasting   | |  2.0

Action                   |  1- 3 |  4- 6 |  7- 9 || total
-------------------------+-------+-------+-------++-------
Melee: Dagger            |    75 |   220 |    43 ||   338
       Bite              |     3 |    11 |     5 ||    19
 Cast: Corona            |     4 |     2 |     1 ||     7
       Ensorcelled Hiber |    27 |    50 |    10 ||    87
       Confuse           |       |     1 |     1 ||     2
  Use: Scroll            |     2 |     2 |       ||     4
       Potion            |     1 |       |       ||     1
 Stab: Sleeping          |    25 |    38 |     9 ||    72
       Distracted        |       |     1 |       ||     1
       Confused          |       |     1 |     1 ||     2
  Eat: Corpse            |     8 |    12 |     3 ||    23
Armor: Robe              |    19 |    44 |    10 ||    73
Dodge: Dodged            |    46 |   126 |     6 ||   178
Block: Buckler           |       |     3 |     7 ||    10
